 Dungeon Crawl Stone Soup version 0.28.0-43-g3370ac3207 (webtiles) character file.

Game seed: 10691235785088376332

8 smarlow the Sneak (level 2, -3/16 HPs)
             Began as a Spriggan Delver on Mar 3, 2022.
             Killed from afar by a white imp (6 damage)
             ... with a puff of frost
             ... on level 4 of the Dungeon.
             The game lasted 00:02:03 (629 turns).

smarlow the Sneak (Spriggan Delver)                  Turns: 629, Time: 00:02:04

Health: -3/16      AC:  2    Str:  8    XL:     2   Next: 0%
Magic:  3/3        EV: 17    Int: 11    God:
Gold:   0          SH:  0    Dex: 16    Spells: 1/1 levels left

rFire   . . .      SeeInvis +   a - +0 short sword
rCold   . . .      Faith    .   (no shield)
rNeg    . . .      Spirit   .   b - +0 robe
rPois   .          Reflect  .   (helmet restricted)
rElec   .          Harm     .   (no cloak)
rCorr   .          Rampage  .   (gloves unavailable)
Will    .....                   (boots unavailable)
Stlth   ++++......              (no amulet)
HPRegen 0.05/turn               (no ring)
MPRegen 0.08/turn               (no ring)

@: very quick
A: very small, no large weapons, unfitting armour, see invisible, speed 3
a: no special abilities


You were on level 4 of the Dungeon.
You visited 1 branch of the dungeon, and saw 2 of its levels.

Inventory:

Hand Weapons
 a - a +0 short sword (weapon)
Armour
 b - a +0 robe (worn)
Wands
 g - a wand of digging (3)
Scrolls
 c - a scroll of fog
 d - a scroll of magic mapping
 e - a scroll of fear
Potions
 f - a potion of haste
 h - a potion of heal wounds {unknown}


   Skills:
 + Level 2.5 Fighting
 + Level 2.3 Short Blades
 + Level 2.9 Dodging
 * Level 7.5 Stealth


You had one spell level left.
You didn't know any spells.
Your spell library was empty.

Dungeon Overview and Level Annotations

Branches:
Dungeon (5/15)
 Temple: D:4-7

Altars:
Zin

Shops:
D:4 (   D:5 *


Innate Abilities, Weirdness & Mutations

You are very small and have problems with some larger weapons.
You are too small for most types of armour.
You have supernaturally acute eyesight. (SInv)
You cover ground extremely quickly. (Speed+++)


Message History

You hit the giant cockroach.
The giant cockroach is almost dead.
The giant cockroach bites you.
You hit the giant cockroach but do no damage.
The giant cockroach is almost dead.
The giant cockroach closely misses you.
You closely miss the giant cockroach.
The giant cockroach is almost dead.
The giant cockroach misses you.
The giant cockroach completely misses you.
You completely miss the giant cockroach.
The giant cockroach is almost dead.
The giant cockroach misses you.
You hit the giant cockroach but do no damage.
The giant cockroach is almost dead.
The giant cockroach closely misses you.
You hit the giant cockroach.
You kill the giant cockroach!
You have reached level 2!
You close the door.
A white imp comes into view.
The white imp shouts!
The white imp gestures at you. The puff of frost hits you.
The white imp completely misses you.
You hit the white imp but do no damage. The white imp completely misses you.
You closely miss the white imp. The white imp gestures at you.
The puff of frost hits you!
* * * LOW HITPOINT WARNING * * *
You hit the white imp.
The white imp is moderately wounded.
You closely miss the white imp.
The white imp is moderately wounded.
The white imp closely misses you.
You hit the white imp.
The white imp is severely wounded.
The white imp gestures at you. The puff of frost hits you.
You die...

##+##### #..)...# #......#
#......# #......######
#K.......B #########.#.########
####....@5...#.#
#.....######.#.# #.....#
######.# # #.....# #......#
#.#######+## #.######
..#....B.##l####.######
......................#
#.#....l.##.#.#######.#########
.......................>.......


You could see a white imp.

Vanquished Creatures
  An endoplasm (D:4)
  3 giant cockroaches (D:4)
  A hobgoblin (D:4)
  A kobold (D:4)
6 creatures vanquished.

Notes
Turn   | Place    | Note
-------+----------+-------------------------------------------
     0 | D:5      | smarlow the Spriggan Delver began the quest for the Orb.
     0 | D:5      | Reached XP level 1. HP: 11/11 MP: 2/2
    11 | D:5      | Found Zin's Purification Station.
    14 | D:5      | Found a glowing silver altar of Zin.
   176 | D:4      | Noticed an ogre
   177 | D:4      | Found Mumai's Antique Weapon Boutique.
   493 | D:4      | Noticed an orc wizard
   599 | D:4      | Noticed an iguana
   618 | D:4      | Reached XP level 2. HP: 14/16 MP: 3/3
   629 | D:4      | Killed from afar by a white imp

Illustrated notes

Levels and vault maps discovered:
D:4:      layout_basic, mainiacjoe_overflow_surrounded_room, serial_shops,
          kennysheep_mini_moat, uniq_pikel
D:5:      layout_basic, zin_purify, serial_curves, eino_curves_02,
          eino_curves_04, eino_curves_02

Action                   || total
-------------------------++-------
Melee: Short sword       ||    35
 Stab: Sleeping          ||     2
       Distracted        ||     1
Armor: Robe              ||     3
Dodge: Dodged            ||    28
